 Dungeon Crawl Stone Soup version 0.20.1-1-g8b1a95d (webtiles) character file.

37 acidapple the Conjurer (level 3, -4/19 HPs)
             Began as a Tengu Conjurer on Sept 7, 2017.
             Hit by a stone thrown by a gnoll (7 damage)
             ... on level 1 of the Dungeon.
             The game lasted 00:02:25 (1245 turns).

acidapple the Conjurer (Tengu Conjurer)             Turns: 1245, Time: 00:02:25

Health: -4/19      AC:  2    Str:  8    XL:     3   Next: 41%
Magic:  5/8        EV: 12    Int: 16    God:
Gold:   41         SH:  0    Dex: 14    Spells: 2/8 levels left

rFire    . . .     SeeInvis .   k - -2 hand axe (curse)
rCold    . . .     Gourm    .   (no shield)
rNeg     . . .     Faith    +   a - +0 robe
rPois    .         Spirit   .   (helmet restricted)
rElec    .         Reflect  .   (no cloak)
rCorr    .         Harm     .   (no gloves)
MR       .....                  (boots unavailable)
Stlth    ++........             f - amulet of faith
Regen    0.1/turn               (no ring)
MPRegen  0.2/turn               (no ring)

@: no status effects
A: beak, talons 3
a: no special abilities


You were on level 1 of the Dungeon.
You were not hungry.

You visited 1 branch of the dungeon, and saw 1 of its levels.

You collected 41 gold pieces.

Inventory:

Hand Weapons
 g - a +0 club
 k - a cursed -2 hand axe (weapon)
Armour
 a - a +0 robe (worn)
Jewellery
 f - an amulet of faith (around neck)
Scrolls
 e - 2 scrolls of identify {unknown}
Potions
 d - a potion of ambrosia {unknown}
 i - a potion of lignification {unknown}
 j - a potion of might {unknown}
Books
 b - a book of Conjurations

   Spells                             Type                      Level
   a - Magic Dart                     Conjuration                  1
   b - Searing Ray                    Conjuration                  2
   c - Dazzling Spray                 Conjuration/Hexes            3
   d - Fulminant Prism                Conjuration/Hexes            4
   e - Force Lance                    Conjuration/Translocation    4
   f - Iskenderun's Mystic Blast      Conjuration                  4
Comestibles
 c - 2 bread rations
 h - a meat ration
 l - 2 chunks of flesh


   Skills:
 - Level 2.1 Dodging
 - Level 2.0 Stealth
 * Level 3.0 Spellcasting
 + Level 5.8 Conjurations


You had 2 spell levels left.
You knew the following spells:

 Your Spells              Type           Power        Failure   Level  Hunger
a - Magic Dart            Conj           ###.         1%          1    #......
b - Searing Ray           Conj           ###...       2%          2    ##.....
c - Dazzling Spray        Conj/Hex       ##....       17%         3    ###....


Dungeon Overview and Level Annotations

Branches:
Dungeon (1/15)

Altars:


Innate Abilities, Weirdness & Mutations

You have a beak for a mouth.
You have claws for feet.


Message History

Your magical contamination has completely faded away.
A frilled lizard comes into view.
Casting: Magic Dart
Confirm with . or Enter, or press ? or * to list all spells.
Aiming: Magic Dart
Press: ? - help, Shift-Dir - straight line, f/p - gnoll
Aim: a gnoll, wielding a halberd and wearing a leather armour The magic dart hits the gnoll.
The gnoll throws a stone.
The stone hits you!
* * * LOW HITPOINT WARNING * * *
You see here a stone.
Casting: Magic Dart
Confirm with . or Enter, or press ? or * to list all spells.
Aiming: Magic Dart
Press: ? - help, Shift-Dir - straight line, f - frilled lizard
Aim: a frilled lizard The magic dart hits the frilled lizard.
You kill the frilled lizard!
The gnoll throws a stone.
The stone hits you!
You die...

##### #.# #........
....# #.#
#########.#####
###.#########.##
.........
..........##...####
##.##..#
###.#.......###..)#
#.##..# ##..#.###..##
##..# #..)..# #...#.#
#..# #..# # ###.).#
......# ##.## ##..#
#.####..#.
#...#.###...###.@.#
#.#....###
##.##...........#.#
#.......#.
...######g#######.####
###.###..# #..# #.#
#....# #.....#.## #..#
#.# ####.###.....#.#
#..# #.#
#.............#
#..#### #.#
#.#.###.....###
#.....# #g# #.#.#
#.....# ##....###.#
#.#.# ###.###


You could see a gnoll.

Vanquished Creatures
  A gnoll (D:1)
  2 dart slugs (D:1)
  3 bats (D:1)
  A giant cockroach (D:1)
  2 goblins (D:1)
  4 hobgoblins (D:1)
  4 frilled lizards (D:1)
  4 kobolds (D:1)
  4 rats (D:1)
25 creatures vanquished.

Notes
Turn   | Place    | Note
-------+----------+-------------------------------------------
     0 | D:1      | acidapple the Tengu Conjurer began the quest for the Orb.
     0 | D:1      | Reached XP level 1. HP: 10/10 MP: 4/4
   149 | D:1      | Reached XP level 2. HP: 11/15 MP: 1/6
   519 | D:1      | Reached XP level 3. HP: 18/19 MP: 0/8
   590 | D:1      | Learned a level 2 spell: Searing Ray
   594 | D:1      | Learned a level 3 spell: Dazzling Spray
  1245 | D:1      | Hit by a stone thrown by a gnoll

Skill      XL: |  1  2  3 |
---------------+----------+-----
Spellcasting   | 3 |  3.0
Dodging        | |  2.1
Stealth        | |  2.0
Conjurations   | |  5.8

Action                   || total
-------------------------++-------
Melee: Unarmed           ||     5
       Kick              ||     2
       Club              ||     9
       Peck              ||     2
 Cast: Magic Dart        ||    48
       Dazzling Spray    ||     5
 Stab: Invisible         ||     1
  Eat: Chunk             ||     2
Armor: Robe              ||     1
Dodge: Dodged            ||    15
